Map: Dasan Station LE

Players

Neeb

  • Race: Protoss Protoss
  • League: Diamond

uThermal - Winner!

  • Race: Terran Terran
  • League: Gold

Event: IEM Season 11 - Shanghai

VOD

Have the link to the VOD?

Description

Time

  • Played on: July 30, 2016, 6:56 a.m.
  • Length: 11:37

All games in this series

Show
View Real Time Build Order
Export as new Build Order

Neeb Protoss 

Build Orders: 1 Gate Expand 

Get SALT Encoding   

  12  0:00  Probe (Chrono Boost)  
  13  0:11  Probe (Chrono Boost)  
  14  0:19  Pylon  
  14  0:21  Probe (Chrono Boost)  
  15  0:37  Probe (Chrono Boost)  
  15  0:38  Gateway  
  16  0:48  Probe (Chrono Boost)  
  17  0:50  Assimilator  
  17  0:58  Probe (Chrono Boost)  
  18  1:09  Probe (Chrono Boost)  
  19  1:18  Nexus  
  19  1:20  Probe (Chrono Boost)  
  20  1:32  Cybernetics Core  
  20  1:33  Probe (Chrono Boost)  
  21  1:42  Assimilator  
  21  1:44  Probe (Chrono Boost)  
  22  1:50  Pylon  
  22  1:54  Probe (Chrono Boost)  
  22  1:58  Warp Gate  
  23  2:05  Adept  
  26  2:09  Probe (Chrono Boost)  
  28  2:23  Mothership Core (Chrono Boost)  
  28  2:33  Probe (Chrono Boost)  
  28  2:34  Adept  
  31  2:41  Probe (Chrono Boost)  
  33  2:45  Probe (Chrono Boost)  
  33  2:46  Robotics Facility  
  33  2:52  Probe (Chrono Boost)  
  33  2:57  Probe (Chrono Boost)  
  35  3:00  Gateway  
  35  3:02  Gateway  
  36  3:05  Probe (Chrono Boost)  
  36  3:11  Probe (Chrono Boost)  
  36  3:12  Adept  
  39  3:16  Probe (Chrono Boost)  
  40  3:21  Pylon  
  40  3:23  Probe (Chrono Boost)  
  41  3:29  Pylon  
  41  3:30  Observer  
  41  3:31  Probe (Chrono Boost)  
  44  3:35  Probe (Chrono Boost)  
  45  3:43  Probe (Chrono Boost)  
  45  3:46  Pylon  
  45  3:48  Probe (Chrono Boost)  
  46  3:49  Observer  
  46  3:55  Probe (Chrono Boost)  
  44  4:04  Adept  
  44  4:07  Stalker x2  
  50  4:10  Probe (Chrono Boost)  
  50  4:12  Probe (Chrono Boost)  
  50  4:14  Immortal  
  50  4:22  Probe (Chrono Boost)  
  50  4:25  Adept  
  50  4:27  Probe (Chrono Boost)  
  52  4:34  Probe (Chrono Boost)  
  54  4:38  Stalker x2  
  54  4:39  Probe (Chrono Boost)  
  59  4:46  Probe (Chrono Boost)  
  59  4:48  Pylon  
  59  4:49  Pylon  
  60  4:53  Probe (Chrono Boost)  
  60  4:54  Stalker  
  62  5:00  Warp Prism  
  65  5:07  Probe (Chrono Boost)  
  65  5:08  Probe (Chrono Boost)  
  65  5:09  Sentry x2  
  65  5:12  Pylon  
  65  5:13  Assimilator  
  70  5:19  Probe (Chrono Boost)  
  70  5:20  Probe (Chrono Boost)  
  72  5:30  Probe (Chrono Boost)  
  72  5:33  Assimilator, Forge  
  73  5:36  Adept x2  
  73  5:40  Probe (Chrono Boost), Observer  
  73  5:41  Probe (Chrono Boost)  
  79  5:51  Pylon, Twilight Council  
  79  5:57  Immortal  
  81  6:20  Stalker x3  
  81  6:23  Pylon  
  87  6:27  Protoss Ground Weapons Level 1  
  87  6:31  Resonating Glaives  
  83  6:50  Pylon  
  83  6:54  Gateway  
  83  6:55  Gateway  
  83  6:56  Gateway  
  83  7:00  Gateway  
  83  7:03  Immortal, Gateway  
  83  7:07  Pylon  
  87  7:20  Nexus  
  89  7:31  Probe x2 (Chrono Boost)  
  89  7:38  Pylon  
  89  7:42  Observer  
  89  7:43  Probe (Chrono Boost)  
  92  7:56  Blink  
  91  8:00  Pylon x2  
  89  8:07  Adept x5  
  89  8:08  Adept  
  89  8:11  Protoss Ground Armor Level 1, Warp Prism  
  103  8:31  Adept x4  
  103  8:32  Stalker x3  
  117  8:40  Pylon  
  91  8:55  Observer  
  93  9:03  Probe (Chrono Boost)  
  93  9:04  Probe x2 (Chrono Boost)  
  93  9:09  Adept  
  96  9:10  Adept x5  
  96  9:11  Adept  
  96  9:14  Adept  
  110  9:35  Stalker x3  
  116  9:43  Adept x2  
  110  9:48  Adept  
  99  10:07  Sentry x2  
  93  10:08  Sentry x2  
  99  10:14  Robotics Bay  
  99  10:21  Stalker x3  
  105  10:35  Adept x4  
  113  10:49  Stalker  
  115  10:50  Stalker x3  
  86  11:16  Stalker x3  
  86  11:17  Stalker x4  
Show
View Real Time Build Order
Export as new Build Order

uThermal Terran - Winner!

Build Orders: 1/1/1, Liberator Opening, MMM Bio 

Get SALT Encoding   

  12  0:01  SCV  
  13  0:13  SCV  
  14  0:18  Supply Depot  
  14  0:25  SCV  
  14  0:27  Refinery  
  15  0:39  SCV  
  16  0:44  Barracks  
  16  0:51  SCV  
  17  1:03  SCV  
  18  1:16  SCV  
  19  1:31  Factory  
  19  1:32  Orbital Command, Marine  
  20  1:44  Supply Depot  
  20  1:50  Marine  
  21  1:58  SCV  
  22  2:10  Command Center  
  22  2:15  Marine  
  23  2:22  Starport  
  23  2:26  Widow Mine  
  25  2:34  Marine  
  26  2:37  Bunker  
  26  2:44  Supply Depot  
  25  2:52  SCV, Marine  
  27  2:58  Medivac  
  27  3:04  SCV  
  30  3:06  Hellion  
  30  3:09  Marine  
  33  3:14  Refinery  
  33  3:16  SCV  
  34  3:27  Hellion  
  34  3:29  Liberator  
  34  3:31  SCV  
  34  3:33  Marine  
  38  3:36  Orbital Command  
  38  3:39  Engineering Bay  
  41  3:53  SCV  
  42  4:02  SCV  
  42  4:05  SCV  
  41  4:14  SCV, Marine  
  41  4:17  SCV  
  41  4:26  SCV  
  41  4:28  Barracks  
  41  4:29  Barracks, SCV  
  42  4:33  Barracks Reactor  
  42  4:34  Widow Mine  
  42  4:38  SCV  
  45  4:40  Liberator  
  45  4:41  SCV  
  46  4:50  SCV  
  47  4:53  SCV  
  47  4:55  Engineering Bay  
  47  4:57  Supply Depot  
  51  5:02  SCV  
  51  5:06  SCV  
  53  5:10  Supply Depot  
  53  5:11  Marine  
  54  5:15  Barracks Tech Lab  
  54  5:18  Marine  
  54  5:19  SCV  
  56  5:21  Barracks Tech Lab  
  56  5:22  Missile Turret  
  56  5:24  Missile Turret  
  56  5:26  Terran Infantry Weapons Level 1  
  56  5:28  Terran Infantry Armor Level 1  
  56  5:30  SCV, Supply Depot  
  56  5:31  Marine  
  56  5:34  Marine  
  59  5:37  Stimpack  
  59  5:40  Starport Reactor  
  59  5:41  SCV  
  60  5:44  SCV  
  60  5:45  Refinery  
  60  5:46  Marine  
  60  5:48  Marine  
  63  5:56  Barracks  
  63  5:59  Barracks  
  63  6:03  Refinery, SCV  
  64  6:05  SCV  
  64  6:07  Marine  
  64  6:08  Marine  
  67  6:15  SCV  
  62  6:20  SCV, Marine  
  62  6:21  Marauder  
  62  6:25  Marine  
  65  6:27  Medivac  
  65  6:28  SCV  
  65  6:32  SCV  
  66  6:33  Medivac  
  66  6:39  Marauder, Marine  
  68  6:48  Marauder  
  68  6:49  Barracks Tech Lab, Barracks Reactor  
  68  6:50  Factory Reactor  
  68  6:52  Supply Depot  
  70  6:54  Marine  
  70  6:59  Supply Depot  
  70  7:00  Marauder  
  70  7:01  Medivac  
  75  7:03  Medivac  
  75  7:08  Marine  
  78  7:09  Supply Depot  
  78  7:12  Combat Shields  
  78  7:13  Marine  
  78  7:15  Marine x2  
  81  7:21  Marine  
  82  7:26  Marine  
  82  7:27  Widow Mine x2  
  87  7:31  Marine  
  87  7:32  Marauder  
  87  7:35  Marine  
  91  7:39  Supply Depot  
  91  7:42  Marauder, Marine  
  94  7:47  Marine  
  94  7:48  Marauder  
  94  7:49  Marine  
  98  7:56  Marine  
  100  8:00  Liberator, Marine  
  100  8:04  Marauder  
  100  8:05  Marine  
  104  8:11  Supply Depot  
  105  8:18  Marine x2  
  105  8:19  Marine  
  107  8:22  Liberator  
  107  8:23  Marine  
  107  8:25  Marine  
  108  8:28  Missile Turret  
  108  8:31  Marine, Supply Depot  
  108  8:32  Marine  
  105  8:36  Marine  
  109  8:41  Marine  
  109  8:43  Liberator  
  90  8:57  Marine  
  90  8:58  Marine  
  95  9:04  Marauder, Marine  
  95  9:05  Marine, Liberator  
  99  9:13  Marine  
  100  9:18  Marine x2  
  100  9:19  Marine, Armory  
  100  9:22  Marine  
  100  9:23  Marine  
  108  9:26  Liberator  
  108  9:27  Marine  
  108  9:31  Marine  
  112  9:48  Liberator  
  112  9:55  Marauder, Marine  
  112  9:59  Marauder, Marine x2  
  114  10:04  Marine  
  114  10:05  Marine  
  116  10:09  Liberator  
  116  10:13  Marine  
  117  10:20  Marauder, Marine  
  115  10:21  Marine  
  115  10:28  Marine  
  115  10:29  Marauder  
  115  10:31  Liberator  
  115  10:32  Marine  
  118  10:36  Widow Mine  
  118  10:37  Marine  
  118  10:38  Widow Mine  
  118  10:41  Marine  
  118  10:42  Marine  
  125  10:48  Supply Depot  
  124  10:56  Marine  
  125  11:01  Marine  
  125  11:02  Marine  
  112  11:18  Marine x2  

Tags
 
Add a new tag
Caveats
  • Supply blocks, unpowered buildings, or Contaminate may cause inaccurate times.
  • Supply counts are checked every 10 seconds.